 Dungeon Crawl Stone Soup version 0.28.0 (webtiles) character file.

Game seed: 5937817057170521305

2167 Hasart the Insei (level 9, 0/58 HPs)
             Began as an Octopode Transmuter on Feb 14, 2022.
             Slain by a warg (13 damage)
             ... on level 7 of the Dungeon.
             The game lasted 00:11:43 (9052 turns).

Hasart the Insei (Octopode Transmuter)              Turns: 9052, Time: 00:11:44

Health: 0/58       AC:  2    Str:  9    XL:     9   Next: 32%
Magic:  15/15      EV: 21    Int: 20    God:
Gold:   328        SH:  0    Dex: 17    Spells: 6/16 levels left

rFire   . . .      SeeInvis .     - Unarmed
rCold   . . .      Faith    .   (shield currently unavailable)
rNeg    . . .      Spirit   .   (helmet currently unavailable)
rPois   .          Reflect  .   t - amulet of magic regeneration
rElec   .          Harm     .   c - ring of wizardry
rCorr   .          Rampage  .   e - ring of poison resistance
Will    .....                   (no ring)
Stlth   ++........              (no ring)
HPRegen 0.19/turn               (no ring)
MPRegen 0.54/turn               (no ring)
                                (no ring)
                                (no ring)

@: spider-form
A: venomous fangs, almost no armour, (amphibious), 8 rings, tiny, (camouflage
1), (gelatinous body 1), (nimble swimmer 1), (tentacles)
a: End Transformation


You were on level 7 of the Dungeon.
You were a venomous arachnid creature.
You visited 2 branches of the dungeon, and saw 9 of its levels.

You collected 328 gold pieces.

Inventory:

Missiles
 s - 2 javelins
Armour
 f - a +0 buckler (melded)
Jewellery
 c - a ring of wizardry (left front leg)
 e - a ring of poison resistance (right front leg)
 t - an amulet of magic regeneration (around neck)
Wands
 n - a wand of charming (3)
 r - a wand of mindburst (21)
 u - a wand of iceblast (5)
Scrolls
 b - a scroll of amnesia
 h - 2 scrolls of vulnerability {unknown}
 j - a scroll of summoning
 k - a scroll of magic mapping
 m - 3 scrolls of blinking {unknown}
 o - a scroll of teleportation
Potions
 d - 3 potions of lignification
 g - 2 potions of mutation
 i - 4 potions of attraction
 l - a potion of heal wounds
 p - 2 potions of curing
 q - a potion of brilliance {unknown}


   Skills:
 + Level 3.9 Fighting
 + Level 4.3 Dodging
 + Level 3.5 Shields
 * Level 6.5 Unarmed Combat
 + Level 4.1 Spellcasting
 + Level 4.3 Transmutations
 + Level 3.0 Ice Magic
 + Level 4.3 Poison Magic
 + Level 2.6 Evocations


You had 6 spell levels left.
You knew the following spells:

 Your Spells              Type           Power      Damage    Failure   Level
a - Beastly Appendage     Tmut           42%        N/A       3%          1
b - Wereblood             Tmut           21%        N/A       4%          2
c - Spider Form           Tmut/Pois      21%        N/A       7%          3
d - Ice Form              Ice/Tmut       18%        N/A       22%         4

Your spell library contained the following spells:

 Spells                   Type           Power      Damage    Failure   Level
 Ensorcelled Hibernation  Hex/Ice        20%        N/A       11%         2
 Animate Skeleton         Necr           8%         N/A       12%         1
 Pain                     Necr           16%        1d4       12%         1
 Scorch                   Fire           8%         2d5       16%         2
 Tukima's Dance           Hex            4%         N/A       28%         3
 Vampiric Draining        Necr           4%         2d6       28%         3
 Anguish                  Hex/Necr       2%         N/A       58%         4
 Flame Wave               Conj/Fire      4%         2d5       58%         4
 Passage of Golubria      Tloc           4%         N/A       58%         4
 Yara's Violent Unravell  Hex/Tmut       6%         3d5       65%         5
 Summon Cactus Giant      Summ           2%         N/A       100%        6
 Enfeeble                 Hex            2%         N/A       100%        7
 Malign Gateway           Summ/Tloc      2%         N/A       100%        7
 Summon Horrible Things   Summ           2%         N/A       100%        8


Dungeon Overview and Level Annotations

Branches:
Dungeon (8/15)             Temple (1/1) D:4            Lair (0/6) D:8

Altars:
Ashenzari
Cheibriados
Dithmenos
Elyvilon
Hepliaklqana
Kikubaaqudgha
Makhleb
Nemelex Xobeh
Okawaru
Qazlal
Ru
Sif Muna
Trog
Uskayaw
Vehumet
Xom
Yredelemnul
Zin
The Shining One

Annotations:
D:6 2 runed translucent doors, Enish's ghost, weakling TrDe


Innate Abilities, Weirdness & Mutations

You are a venomous arachnid creature.
You have poisonous fangs.
You are tiny and dextrous.
Your spellcasting is less reliable in this form.
Your armour is entirely melded.
You are incapable of wielding weapons or throwing items.
You cannot wear most types of armour.
((You are amphibious.))
You can wear up to eight rings at the same time.
((Your skin changes colour to match your surroundings (Stealth+).))
((Your rubbery body absorbs attacks. (AC +1, EV +1)))
((You are camouflaged when in or above water. (Stealth+)))
((You have tentacles for arms and can constrict up to eight enemies at once.))


Message History

2 orcs come into view.
Found a staircase to the Lair.
The warg howls!
You hear a shout!
A warg comes into view.
The orc wizard gestures wildly while chanting.
The orc wizard flickers and vanishes!
Deactivating autopickup; reactivate with Ctrl-A.
You hear a howl!
There is a stone staircase leading up here.
Casting: Spider Form (dangerous; 3% risk of failure)
Confirm with . or Enter, or press ? or * to list all spells.
You turn into a venomous arachnid creature.
Your +0 buckler melds into your body.
The orc shouts!
You hear a shout!
You hear some strange, mumbled words.
Something tries to affect you, but you resist.
The warg completely misses you. Something hits you.
You are poisoned.
You climb upwards.
Reactivating autopickup.
You feel very sick.
There is a stone staircase leading down here.
Unknown command.
You feel sick. The warg bites you!
You hit the warg but do no damage.
The warg is poisoned.
You feel sick. The warg misses you.
You hit the warg.
The warg is lightly wounded.
You feel sick. The warg closely misses you.
You hit the warg.
The warg is moderately wounded.
You feel sick. The warg completely misses you.
You hit the warg.
The warg is moderately wounded.
You feel sick. The warg bites you!
* * * LOW HITPOINT WARNING * * *
You feel sick.
You feel sick.
You feel sick.
You are no longer poisoned.
The warg bites you!
You die...

#.##.##.# #######
#.# #.......#
#.....# #.#
####.####
#....<###.##
#.......#
#...........
#.##.##>#
#.....####.#
#.##.##.# #.....#
##.# #.##....#
####### #...
#.####h.# #...
#.####s.# #...
#.......#########
####
######.##.......#
#. #.##.#...#.# #.
#..)...#.#.######.
####.#............
#.#####.######.
#.#####.# #>
#.......# #.


You could see a warg (poisoned).

Vanquished Creatures
  A hornet (D:7)
  A wyvern (D:7)
  Sigmund (D:2)
  2 necrophages (D:4)
  A sky beast (D:6)
  2 ogres
  A scorpion (D:4)
  3 bullfrogs (D:7)
  A water moccasin skeleton (D:6)
  3 howler monkeys (D:7)
  2 jellies
  2 hounds
  2 gnoll shamans
  An orc priest (D:7)
  4 orc wizards
  5 iguanas
  A hound skeleton (D:4)
  13 gnolls
  8 adders
  2 shadow imps
  3 white imps
  4 ufetubi
  3 worms
  4 dart slugs
  25 orcs
  8 endoplasms
  7 giant cockroaches
  2 goblins
  4 hobgoblins
  7 jackals
  2 quokkas (D:4)
  9 ball pythons
  8 bats
  2 frilled lizards
  11 kobolds
  4 rats
159 creatures vanquished.

Vanquished Creatures (others)
  2 fungi (D:4)
2 creatures vanquished.

Grand Total: 161 creatures vanquished

Notes
Turn   | Place    | Note
-------+----------+-------------------------------------------
     0 | D:1      | Hasart the Octopode Transmuter began the quest for the Orb.
     0 | D:1      | Reached XP level 1. HP: 13/13 MP: 3/3
   370 | D:1      | Reached XP level 2. HP: 18/18 MP: 5/5
   375 | D:1      | Learned a level 2 spell: Wereblood
   429 | D:1      | Found a faded altar of an unknown god.
   744 | D:1      | Reached XP level 3. HP: 19/23 MP: 6/6
  1223 | D:1      | Learned a level 3 spell: Spider Form
  1641 | D:2      | Noticed Sigmund
  1654 | D:2      | Killed Sigmund
  1655 | D:2      | Reached skill level 1 in Shields
  1655 | D:2      | Reached skill level 4 in Unarmed Combat
  1655 | D:2      | Reached skill level 1 in Poison Magic
  1655 | D:2      | Reached XP level 4. HP: 29/29 MP: 4/7
  1655 | D:2      | Reached XP level 5. HP: 34/34 MP: 4/8
  1734 | D:2      | Reached XP level 6. HP: 20/39 MP: 7/10
  2202 | D:2      | Learned a level 4 spell: Ice Form
  4610 | D:4      | Found a hazy altar of Hepliaklqana.
  4676 | D:4      | Found a staircase to the Ecumenical Temple.
  4684 | D:4      | Reached skill level 1 in Ice Magic
  4684 | D:4      | Reached XP level 7. HP: 36/45 MP: 7/11
  4687 | Temple   | Entered the Ecumenical Temple
  5362 | D:4      | Identified the +3 whip of the Hungering Weasel {protect,
                  | rF+ rC+}
  5460 | D:4      | Reached skill level 5 in Unarmed Combat
  5675 | D:5      | Entered Level 5 of the Dungeon
  5831 | D:5      | Reached XP level 8. HP: 50/52 MP: 7/13
  6148 | D:5      | You fall into a shaft and drop 1 floor!
  6314 | D:5      | Reached skill level 1 in Evocations
  7396 | D:6      | Found a large runed translucent door.
  7396 | D:6      | Found a large runed translucent door.
  7400 | D:6      | Noticed Enish's ghost (weakling TrDe)
  7787 | D:7      | Noticed a hornet
  7798 | D:7      | Killed a hornet
  7799 | D:7      | Reached skill level 6 in Unarmed Combat
  7805 | D:7      | Found a glowing silver altar of Zin.
  7899 | D:7      | Found a white marble altar of Elyvilon.
  7907 | D:7      | Reached XP level 9. HP: 44/57 MP: 14/14
  9036 | D:8      | Found a staircase to the Lair.
  9052 | D:7      | Slain by a warg

Illustrated notes

Levels and vault maps discovered:
D:1:      dpeg_arrival_stone_temple_mockup, layout_loops_ring,
          shapermc_ecumenical_altar_starsandcircs
D:2:      layout_loops_ring, minmay_pentomino_pile, uniq_sigmund
D:3:      minmay_evil_eye, layout_basic, minmay_starry_boxes
D:4:      layout_loops_ring, mainiacjoe_overflow_boulevard,
          minmay_temple_entry_hall, corexii_item_surrounded_by_moat,
          minmay_box_of_dots
D:5:      layout_basic
D:6:      layout_basic, ebering_ghost_disaster_area
D:7:      layout_loops_cross, elyvilon_altar_5, mainiacjoe_overflow_paths
D:8:      layout_gridville, fedhas_altar_fruit_tree, erik_lair_orcish_takeover,
          serial_shops, shop, minmay_misc_feat_doors, corner_web_ring
Temple:   regret_index_temple_sphere_string

Skill      XL: |  1  2  3  4  5  6  7  8  9 |
---------------+----------------------------+-----
Fighting       | 2 3 |  3.9
Shields        | 1 2 3 |  3.5
Unarmed Combat | 4 5 6 |  6.5
Poison Magic   | 1 2 3 4 |  4.3
Transmutations | 3 4 |  4.3
Dodging        | 3 4 |  4.3
Spellcasting   | 3 4 |  4.1
Ice Magic      | 1 2 3 |  3.0
Evocations     | 2 |  2.6

Action                   |  1- 3 |  4- 6 |  7- 9 || total
-------------------------+-------+-------+-------++-------
Melee: Unarmed           |    68 |   165 |   229 ||   462
       Tentacles         |    15 |    24 |    25 ||    64
       Constrict         |    19 |    27 |    21 ||    67
       Punch             |     2 |     3 |     2 ||     7
       Kick              |     1 |       |       ||     1
 Cast: Spider Form       |     1 |    11 |    13 ||    25
       Beastly Appendage |     1 |       |     1 ||     2
       Wereblood         |       |     6 |     7 ||    13
  Use: Scroll            |       |       |     9 ||     9
 Stab: Sleeping          |     5 |     6 |     3 ||    14
Armor: Skin              |     4 |     3 |     4 ||    11
Dodge: Dodged            |    43 |    98 |   143 ||   284
Block: Buckler           |     3 |     8 |    11 ||    22
